 Dungeon Crawl Stone Soup version 0.27.1-34-g3ba077fa99 (webtiles) character file.

Game seed: 18315019789534206475

422 Karpo the Digger (level 6, -2/32 HPs)
             Began as a Gargoyle Earth Elementalist on Jan 19, 2022.
             Slain by a hornet (13 damage)
             ... on level 4 of the Dungeon.
             The game lasted 00:14:25 (4079 turns).

Karpo the Digger (Gargoyle Earth Elementalist)      Turns: 4079, Time: 00:14:26

Health: -2/32      AC:  7    Str: 12    XL:     6   Next: 95%
Magic:  4/13       EV: 11    Int: 17    God:
Gold:   121        SH:  0    Dex: 10    Spells: 10/14 levels left

rFire    . . .     SeeInvis .   f - +1 hand axe
rCold    . . .     Faith    .   (no shield)
rNeg     + + .     Spirit   .   h - +1 robe {rN+}
rPois    ∞         Reflect  .   (no helmet)
rElec    +         Harm     .   (no cloak)
rCorr    .         Rampage  .   (no gloves)
Will     .....                  (no boots)
Stlth    ++........             i - amulet of regeneration
HPRegen  1.10/turn              (no ring)
MPRegen  0.13/turn              (no ring)

@: attractive
A: sickness immunity, AC +4, negative energy resistance 1, electricity
resistance, torment resistance 1, petrification resistance
a: no special abilities


You were on level 4 of the Dungeon.
You visited 1 branch of the dungeon, and saw 4 of its levels.

You collected 121 gold pieces.

Inventory:

Hand Weapons
 a - a +0 whip
 d - a +0 scythe
 f - a +1 hand axe (weapon)
 s - a +3 long sword
 t - a +0 vorpal scimitar
Missiles
 c - 202 stones
Armour
 h - a +1 robe of positive energy (worn)
Magical Staves
 e - a staff of air
Jewellery
 i - an amulet of regeneration (around neck)
Scrolls
 m - 2 scrolls of identify
 p - a scroll of noise {unknown}
 q - a scroll of amnesia {unknown}
 u - a scroll of enchant armour {unknown}
Potions
 b - 2 potions of attraction
 g - a potion of flight
 j - 2 potions of degeneration {unknown}
 l - a potion of brilliance {unknown}
 o - a potion of haste {unknown}
 r - a potion of invisibility {unknown}


   Skills:
 - Level 1.5 Dodging
 - Level 2.1 Stealth
 + Level 4.8 Spellcasting
 - Level 0.7 Transmutations
 + Level 6.9 Earth Magic


You had 10 spell levels left.
You knew the following spells:

 Your Spells              Type           Power      Damage    Failure   Level
a - Sandblast             Erth           54%        2d13      1%          1
b - Stone Arrow           Conj/Erth      30%        3d8       11%         3

Your spell library contained the following spells:

 Spells                   Type           Power      Damage    Failure   Level
 Passwall                 Tmut/Erth      14%        N/A       4%          2
 Beastly Appendage        Tmut           12%        N/A       11%         1
 Animate Skeleton         Necr           8%         N/A       14%         1
 Pain                     Necr           16%        1d4       14%         1
 Wereblood                Tmut           6%         N/A       16%         2
 Petrify                  Tmut/Erth      17%        N/A       30%         4
 Spider Form              Tmut/Pois      2%         N/A       36%         3
 Ozocubu's Armour         Ice            4%         N/A       41%         3
 Vampiric Draining        Necr           2%         2d6       41%         3
 Metabolic Englaciation   Hex/Ice        2%         N/A       99%         5
 Simulacrum               Ice/Necr       2%         N/A       100%        6


Dungeon Overview and Level Annotations

Branches:
Dungeon (4/15)
 Temple: D:4-7

Altars:
Hepliaklqana


Innate Abilities, Weirdness & Mutations

You are immune to sickness and miasma.
Your stone body is resilient. (AC +4)
You are immune to poison.
You resist negative energy. (rN+)
You are resistant to electric shocks. (rElec)
You are resistant to unholy torment.
You are immune to petrification.


Message History

Casting: Sandblast (safe; 1% risk of failure)
Confirm with . or Enter, or press ? or * to list all spells.
Aiming: Sandblast (safe; 1% risk of failure)
Press: ? - help, Shift-Dir - straight line, f/p - hornet
Aim: a hornet (lightly wounded, 71% to hit)
The blast of sand hits the hornet.
The hornet is lightly wounded.
The hornet barely misses you.
The hornet stings you but does no damage.
Casting: Sandblast (safe; 1% risk of failure)
Confirm with . or Enter, or press ? or * to list all spells.
Aiming: Sandblast (safe; 1% risk of failure)
Press: ? - help, Shift-Dir - straight line, f/p - hornet
Aim: a hornet (lightly wounded, 71% to hit)
The blast of sand misses the hornet.
The hornet barely misses you.
Unknown command.
Casting: Sandblast (safe; 1% risk of failure)
Confirm with . or Enter, or press ? or * to list all spells.
Aiming: Sandblast (safe; 1% risk of failure)
Press: ? - help, Shift-Dir - straight line, f/p - hornet
Aim: a hornet (lightly wounded, 71% to hit)
The blast of sand hits the hornet.
The hornet is lightly wounded.
The hornet stings you but does no damage.
The hornet stings you!
As you read the scroll labelled CAMNIU FEDEFO, it crumbles to dust.
It is a scroll of identify.
g - a potion of flight The hornet stings you.
As you read the scroll labelled PUSOHUCZUKK, it crumbles to dust.
You feel aware of your surroundings.
It was a scroll of magic mapping.
The hornet stings you. x2
As you read the scroll labelled DIANEJ KISK, it crumbles to dust.
It is a scroll of enchant weapon.
Your +0 hand axe glows red for a moment.
The hornet stings you.
It was a potion of attraction.
You feel attractive to monsters. The hornet closely misses you.
The hornet stings you!
You die...

*,*** *,*,,,,,,,.....#........
*,* **,**...,.,..............
**,*****,,**#..,....#.##.<.#....
*,**,,*,.,* #..#...##,*#..##....
******,,..#*#...#..*,*#..##,....
***...##.....,,,....*,,,,,,
*#........,**.....,,*,,,*
#.......#**###...,*,,,,,
*#.....y@# **......,,,,,
**..##....## *.......,,,,,
*,.........# **,,....,,,,,
**,......##.## **.....,,,,,
***,,......###.####.....,,,,,
*,,**####...............,,,,,
**,* #.........###..,,,,,, *,**
*#.........# *,*,,,,,* **,*
#..##......######.,,##


You could see a hornet.

Vanquished Creatures
  Sigmund (D:2)
  2 wights
  A hound (D:4)
  Natasha (twice) (D:2)
  3 adders
  A gnoll (D:3)
  An adder skeleton (D:4)
  A worm (D:2)
  3 dart slugs (D:1)
  An orc (D:3)
  6 ball pythons
  A bat (D:1)
  9 endoplasms
  A giant cockroach (D:2)
  4 goblins
  4 hobgoblins
  3 jackals (D:1)
  3 quokkas (D:1)
  3 frilled lizards
  2 kobolds (D:2)
  10 rats
62 creatures vanquished.

Vanquished Creatures (others)
  A frilled lizard (D:1)
  A plant (D:1)
  4 withered plants (D:1)
6 creatures vanquished.

Grand Total: 68 creatures vanquished

Notes
Turn   | Place    | Note
-------+----------+-------------------------------------------
     0 | D:1      | Karpo the Gargoyle Earth Elementalist began the quest for
                  | the Orb.
     0 | D:1      | Reached XP level 1. HP: 10/10 MP: 3/3
   513 | D:1      | Reached skill level 4 in Earth Magic
   513 | D:1      | Reached XP level 2. HP: 12/15 MP: 0/5
   671 | D:1      | Found a faded altar of an unknown god.
   809 | D:1      | Reached XP level 3. HP: 10/19 MP: 6/6
  1665 | D:2      | Learned a level 3 spell: Stone Arrow
  1844 | D:2      | Noticed Sigmund
  1973 | D:2      | Noticed Natasha
  1985 | D:2      | Found a hazy altar of Hepliaklqana.
  2092 | D:2      | Killed Sigmund
  2093 | D:2      | Reached skill level 6 in Earth Magic
  2093 | D:2      | Reached XP level 4. HP: 24/24 MP: 5/10
  2093 | D:2      | Reached XP level 5. HP: 28/28 MP: 5/11
  2190 | D:2      | Killed Natasha
  2191 | D:2      | Reached XP level 6. HP: 32/32 MP: 8/12
  2325 | D:2      | Noticed Natasha
  2331 | D:2      | Killed Natasha
  3043 | D:4      | Noticed a hornet
  4079 | D:4      | Slain by a hornet

Illustrated notes

Levels and vault maps discovered:
D:1:      dpeg_arrival_arbitrary_b, layout_basic,
          shapermc_ecumenical_altar_flowoftime
D:2:      layout_basic, basic_altar, supply_closet_lemuel, uniq_sigmund,
          uniq_natasha
D:3:      layout_loops_ring, minmay_misc_feat_roman, chequers_jeans
D:4:      layout_layer_cave

Skill      XL: |  1  2  3 |
---------------+----------+-----
Earth Magic    | 4 6 |  6.9
Spellcasting   | 4 |  4.8
Dodging        | |  1.5
Stealth        | |  2.1
Transmutations | |  0.7

Action                   |  1- 3 |  4- 6 || total
-------------------------+-------+-------++-------
Melee: Whip              |    23 |       ||    23
       Unarmed           |     1 |       ||     1
       Hand axe          |    49 |    42 ||    91
 Cast: Sandblast         |    38 |    23 ||    61
       Stone Arrow       |     2 |    14 ||    16
  Use: Scroll            |     2 |     3 ||     5
       Potion            |       |     1 ||     1
 Stab: Sleeping          |     3 |     5 ||     8
Armor: Robe              |    37 |    19 ||    56
Dodge: Dodged            |    65 |    33 ||    98
